IL
OMAHA STORM CHASERS @ TOLEDO MUD HENS
08/21/2045
 
TOP OF THE 1ST
Omaha Storm Chasers batting - Pitching for Toledo Mud Hens : RHP Will Lane
Pitching: RHP Will Lane
Batting: RHB Yuichi Takata 0-0: Foul Ball, location: 2F
0-1: Swinging Strike
0-2: Ball
1-2: SINGLE (Line Drive, 89S, EV 100.6 MPH)
Batting: RHB Nick Ogle 0-0: Fly out, F5 (Line Drive, 5, EV 73.8 MPH)
Batting: LHB Roman Downey 0-0: Ball
1-0: Called Strike
1-1: Ball
2-1: Foul Ball, location: 2F
2-2: Ball
3-2: DOUBLE (Line Drive, 8RXD, EV 99.4 MPH)
Yuichi Takata to third
Batting: LHB Justin Rupert 0-0: Called Strike
0-1: SINGLE (Line Drive, 4M, EV 98.1 MPH)
Yuichi Takata scores
Roman Downey to third
Batting: RHB Bob Najar 0-0: Ball
1-0: Fly out, F7 (Flyball, 7, EV 96.9 MPH)
Runner from 3rd tags up, OUT at HOME! 7-2
Top of the 1st over - 1 run, 3 hits, 0 errors, 1 left on base; Omaha 1 - Toledo 0
BOTTOM OF THE 1ST
Toledo Mud Hens batting - Pitching for Omaha Storm Chasers : RHP Nick Harmon
Pitching: RHP Nick Harmon
Batting: LHB Frank McConnell 0-0: Ball
1-0: Ground out U3 (Groundball, 34, EV 101.2 MPH)
Batting: RHB Ken DiFerdinando 0-0: Foul Ball, location: 2F
0-1: Ground out 5-3 (Groundball, P, EV 81.9 MPH)
Batting: LHB Conrad Taylor 0-0: Swinging Strike
0-1: Ball
1-1: Fly out, F7 (Flyball, 7LM, EV 96.9 MPH)
Bottom of the 1st over - 0 runs, 0 hits, 0 errors, 0 left on base; Omaha 1 - Toledo 0
TOP OF THE 2ND
Omaha Storm Chasers batting - Pitching for Toledo Mud Hens : RHP Will Lane
Batting: RHB Walt Cogswell 0-0: Swinging Strike
0-1: Ball
1-1: Ball
2-1: Swinging Strike
2-2: SINGLE (Groundball, 4M, EV 100.0 MPH) (infield hit)
Batting: RHB Mikolas Markus 0-0: Foul Ball, location: 2F
0-1: Ball
1-1: Ball
2-1: Called Strike
2-2: Ball
3-2: Foul Ball, location: 2F
3-2: Base on Balls
Walt Cogswell to second
Batting: LHB Jim Beaver 0-0: Ball
1-0: Called Strike
Walt Cogswell steals 3rd base
Mikolas Markus to second
1-1: Foul Ball, location: 2F
1-2: Ball
2-2: Ball
3-2: Ground out 4-3 (Groundball, 4, EV 106.9 MPH)
Walt Cogswell scores
Mikolas Markus to third
Batting: RHB Joeri Plas 0-0: Ball
1-0: Foul Ball, location: 2F
1-1: Ground out 6-3 (Groundball, 6M, EV 105.6 MPH)
Mikolas Markus scores
Batting: RHB Yuichi Takata 0-0: Foul Ball, location: 2F
0-1: Ball
1-1: Ball
2-1: Foul Ball, location: 2F
2-2: Ball
3-2: Foul Ball, location: 2F
3-2: Foul Ball, location: 2F
3-2: Base on Balls
Batting: RHB Nick Ogle 0-0: Ball
1-0: Ball
2-0: Ball
3-0: Base on Balls
Yuichi Takata to second
Batting: LHB Roman Downey 0-0: Ball
1-0: Called Strike
1-1: Foul Ball, location: 2F
1-2: Fielders Choice at 2nd, 6-4 (Groundball, 56, EV 88.1 MPH)
Top of the 2nd over - 2 runs, 1 hit, 0 errors, 2 left on base; Omaha 3 - Toledo 0
BOTTOM OF THE 2ND
Toledo Mud Hens batting - Pitching for Omaha Storm Chasers : RHP Nick Harmon
Batting: LHB Andy Schumacher 0-0: Ball
1-0: Ball
2-0: Foul Ball, location: 2F
2-1: Swinging Strike
2-2: Foul Ball, location: 2F
2-2: Fly out, F7 (Flyball, 7LS, EV 93.1 MPH)
Batting: RHB Tim Borden 0-0: Called Strike
0-1: Fly out, F8 (Flyball, 8RS, EV 94.4 MPH)
Batting: RHB Steve Clark 0-0: Called Strike
0-1: Ball
1-1: Ball
2-1: Ball
3-1: Ground out 4-3 (Groundball, 4, EV 83.1 MPH)
Bottom of the 2nd over - 0 runs, 0 hits, 0 errors, 0 left on base; Omaha 3 - Toledo 0
TOP OF THE 3RD
Omaha Storm Chasers batting - Pitching for Toledo Mud Hens : RHP Will Lane
Batting: LHB Justin Rupert 0-0: Called Strike
0-1: Ground out 5-3 (Groundball, 6S, EV 81.9 MPH)
Batting: RHB Bob Najar 0-0: Called Strike
0-1: Ball
1-1: Swinging Strike
1-2: Ground out 6-3 (Groundball, 56, EV 105.0 MPH)
Batting: RHB Walt Cogswell 0-0: Foul Ball, location: 2F
0-1: SINGLE (Groundball, 6MS, EV 70.6 MPH) (infield hit)
Batting: RHB Mikolas Markus 0-0: Ball
1-0: Called Strike
1-1: Swinging Strike
1-2: Foul Ball, location: 2F
1-2: Foul Ball, location: 2F
1-2: Ball
2-2: Foul Ball, location: 2F
2-2: Ball
Walt Cogswell is caught stealing 2nd base 2-4
Top of the 3rd over - 0 runs, 1 hit, 0 errors, 0 left on base; Omaha 3 - Toledo 0
BOTTOM OF THE 3RD
Toledo Mud Hens batting - Pitching for Omaha Storm Chasers : RHP Nick Harmon
Batting: SHB Jamie Roberts 0-0: Called Strike
0-1: Foul Ball, location: 2F
0-2: Strikes out swinging
Batting: RHB Zach Koblinski 0-0: Fly out, F9 (Flyball, 9D, EV 99.4 MPH)
Batting: RHB Josh Stinnett 0-0: Called Strike
0-1: Ground out 5-3 (Groundball, 56, EV 79.4 MPH)
Bottom of the 3rd over - 0 runs, 0 hits, 0 errors, 0 left on base; Omaha 3 - Toledo 0
TOP OF THE 4TH
Omaha Storm Chasers batting - Pitching for Toledo Mud Hens : RHP Will Lane
Batting: RHB Mikolas Markus 0-0: Ball
1-0: Ball
2-0: Ground out 6-3 (Groundball, 6, EV 80.0 MPH)
Batting: LHB Jim Beaver 0-0: Fly out, F5 (Flyball, 5D, EV 75.0 MPH)
Batting: RHB Joeri Plas 0-0: Ball
1-0: Called Strike
1-1: Ball
2-1: Foul Ball, location: 2F
2-2: Ball
3-2: Foul Ball, location: 2F
3-2: Foul Ball, location: 2F
3-2: Base on Balls
Batting: RHB Yuichi Takata 0-0: Ball
1-0: Ball
2-0: Foul Ball, location: 2F
2-1: Foul Ball, location: 2F
2-2: Foul Ball, location: 2F
2-2: Fielders Choice at 2nd, 6-4 (Groundball, 6, EV 80.0 MPH)
Top of the 4th over - 0 runs, 0 hits, 0 errors, 1 left on base; Omaha 3 - Toledo 0
BOTTOM OF THE 4TH
Toledo Mud Hens batting - Pitching for Omaha Storm Chasers : RHP Nick Harmon
Batting: LHB Frank McConnell 0-0: Swinging Strike
0-1: Ball
1-1: Ball
2-1: Fly out, F7 (Line Drive, 7, EV 88.1 MPH)
Batting: RHB Ken DiFerdinando 0-0: Ball
1-0: Foul Ball, location: 2F
1-1: Foul Ball, location: 2F
1-2: SINGLE (Line Drive, 4D, EV 93.8 MPH)
Batting: LHB Conrad Taylor 0-0: Ball
Ken DiFerdinando is caught stealing 2nd base 2-6
1-0: Fly out, F6 (Popup, 4S, EV 80.0 MPH)
Bottom of the 4th over - 0 runs, 1 hit, 0 errors, 0 left on base; Omaha 3 - Toledo 0
TOP OF THE 5TH
Omaha Storm Chasers batting - Pitching for Toledo Mud Hens : RHP Will Lane
Batting: RHB Nick Ogle 0-0: SINGLE (Groundball, 34D, EV 95.0 MPH)
Batting: LHB Roman Downey 0-0: Foul Ball, location: 2F
0-1: Called Strike
0-2: SINGLE (Groundball, 25, EV 69.4 MPH) (infield hit)
Nick Ogle to second
Batting: LHB Justin Rupert 0-0: Ball
1-0: Foul Ball, location: 2F
1-1: Ball
2-1: Ball
3-1: 3-RUN HOME RUN (Flyball, 78XD, EV 97.5 MPH), Distance : 380 ft
Pitching: RHP Ken Howington
Batting: RHB Bob Najar 0-0: Called Strike
0-1: SINGLE (Line Drive, 9LS, EV 93.8 MPH)
Batting: RHB Walt Cogswell 0-0: Ball
Bob Najar steals 2nd base
1-0: Ball
2-0: Swinging Strike
2-1: Foul Ball, location: 2F
2-2: Ball
3-2: Ground out 5-3 (Groundball, 56S, EV 87.5 MPH)
Batting: RHB Mikolas Markus 0-0: Ball
1-0: Ball
2-0: Ball
3-0: Called Strike
3-1: Base on Balls
Batting: LHB Jim Beaver 0-0: Foul Ball, location: 2F
0-1: SINGLE (Groundball, 5S, EV 69.4 MPH) (infield hit)
Bob Najar to third
Mikolas Markus to second
Batting: RHB Joeri Plas 0-0: Ball
1-0: Ball
2-0: Ball
3-0: Fly out, F9 (Flyball, 9D, EV 103.8 MPH)
Runner from 3rd tags up, OUT at HOME! 9-2
Top of the 5th over - 3 runs, 5 hits, 0 errors, 2 left on base; Omaha 6 - Toledo 0
BOTTOM OF THE 5TH
Toledo Mud Hens batting - Pitching for Omaha Storm Chasers : RHP Nick Harmon
Batting: LHB Andy Schumacher 0-0: Ball
1-0: Foul Ball, location: 2F
1-1: Ball
2-1: Foul Ball, location: 2F
2-2: Ball
3-2: SOLO HOME RUN (Flyball, 89XD, EV 100.6 MPH), Distance : 401 ft
Batting: RHB Tim Borden 0-0: Ball
1-0: Fly out, F7 (Line Drive, 7S, EV 107.5 MPH)
Batting: RHB Steve Clark 0-0: Foul Ball, location: 2F
0-1: Ball
1-1: Ball
2-1: Called Strike
2-2: Foul Ball, location: 2F
2-2: Foul Ball, location: 2F
2-2: Ball
3-2: Base on Balls
Batting: SHB Jamie Roberts 0-0: Foul Ball, location: 2F
0-1: Fly out, F4 (Flyball, 34D, EV 89.4 MPH)
Batting: RHB Zach Koblinski 0-0: Ball
1-0: Called Strike
1-1: SINGLE (Groundball, 34D, EV 98.1 MPH) (infield hit)
Steve Clark to second
Batting: RHB Josh Stinnett 0-0: Ball
1-0: Foul Ball, location: 2F
1-1: Ball
2-1: Foul Ball, location: 2F
2-2: Ball
3-2: Foul Ball, location: 2F
3-2: SINGLE (Line Drive, 9LS, EV 106.2 MPH)
Steve Clark to third
Zach Koblinski to second
Steve Clark scores
Zach Koblinski to third
Batting: LHB Frank McConnell 0-0: Swinging Strike
0-1: Called Strike
0-2: Ball
1-2: Ball
2-2: Ball
3-2: Base on Balls
Josh Stinnett to second
Batting: RHB Ken DiFerdinando 0-0: Swinging Strike
0-1: Ball
1-1: Foul Ball, location: 2F
1-2: Strikes out looking
Bottom of the 5th over - 2 runs, 3 hits, 0 errors, 3 left on base; Omaha 6 - Toledo 2
TOP OF THE 6TH
Omaha Storm Chasers batting - Pitching for Toledo Mud Hens : RHP Ken Howington
Batting: RHB Yuichi Takata 0-0: Called Strike
0-1: SINGLE (Line Drive, 9S, EV 107.5 MPH)
Batting: RHB Nick Ogle 0-0: Foul Ball, location: 2F
0-1: Ball
1-1: Ball
2-1: Foul Ball, location: 2F
2-2: Fielders Choice at 2nd, 5-4 (Groundball, 5, EV 99.4 MPH)
Batting: LHB Roman Downey 0-0: Foul Ball, location: 2F
0-1: Ground out 6-3 (Groundball, P, EV 86.2 MPH)
Nick Ogle to second
Batting: LHB Justin Rupert 0-0: Ball
1-0: Ball
2-0: Ball
3-0: Foul Ball, location: 2F
3-1: Swinging Strike
3-2: Strikes out swinging, 2-3 out at first.
Top of the 6th over - 0 runs, 1 hit, 0 errors, 1 left on base; Omaha 6 - Toledo 2
BOTTOM OF THE 6TH
Toledo Mud Hens batting - Pitching for Omaha Storm Chasers : RHP Nick Harmon
Batting: LHB Conrad Taylor 0-0: Ball
1-0: Foul Ball, location: 2F
1-1: Foul Ball, location: 2F
1-2: Ball
2-2: Ball
3-2: Fly out, F8 (Flyball, 89D, EV 86.2 MPH)
Pitching: RHP Asa Hahn
Batting: LHB Andy Schumacher 0-0: Ball
1-0: Fly out, F8 (Flyball, 8RXD, EV 90.0 MPH)
Batting: RHB Tim Borden 0-0: Foul Ball, location: 2F
0-1: Ball
1-1: Foul Ball, location: 2F
1-2: Strikes out swinging
Bottom of the 6th over - 0 runs, 0 hits, 0 errors, 0 left on base; Omaha 6 - Toledo 2
TOP OF THE 7TH
Omaha Storm Chasers batting - Pitching for Toledo Mud Hens : RHP Ken Howington
Pitching: RHP Mike Kirk
Batting: RHB Bob Najar 0-0: SINGLE (Groundball, 56D, EV 100.6 MPH) (infield hit)
Batting: RHB Walt Cogswell 0-0: Ball
1-0: Called Strike
1-1: Sac Bunt to 23 - play at first, batter OUT! 3-4
Bob Najar to second
Batting: RHB Mikolas Markus 0-0: Fly out, F7 (Flyball, 78M, EV 91.2 MPH)
Batting: LHB Jim Beaver 0-0: Ball
1-0: Foul Ball, location: 2F
1-1: Foul Ball, location: 2F
1-2: Ball
2-2: Foul Ball, location: 2F
2-2: Foul Ball, location: 2F
2-2: Ball
3-2: Fly out, F5 (Popup, 5SF, EV 75.6 MPH)
Top of the 7th over - 0 runs, 1 hit, 0 errors, 1 left on base; Omaha 6 - Toledo 2
BOTTOM OF THE 7TH
Toledo Mud Hens batting - Pitching for Omaha Storm Chasers : RHP Asa Hahn
Pitching: RHP Chris Geraci
Batting: RHB Steve Clark 0-0: Ball
1-0: Ball
2-0: Ball
3-0: Called Strike
3-1: Base on Balls
Batting: SHB Jamie Roberts 0-0: Bunted foul
0-1: Sac Bunt to 3S - play at first, batter OUT! 3-1
Steve Clark to second
Batting: RHB Zach Koblinski 0-0: Foul Ball, location: 2F
0-1: Ball
1-1: Ball
2-1: Swinging Strike
2-2: Ball
3-2: Foul Ball, location: 2F
3-2: Strikes out swinging
Batting: RHB Josh Stinnett 0-0: Ball
1-0: Called Strike
1-1: Called Strike
1-2: Strikes out swinging, 2-3 out at first.
Bottom of the 7th over - 0 runs, 0 hits, 0 errors, 1 left on base; Omaha 6 - Toledo 2
TOP OF THE 8TH
Omaha Storm Chasers batting - Pitching for Toledo Mud Hens : RHP Mike Kirk
Batting: RHB Joeri Plas 0-0: Called Strike
0-1: Ball
1-1: Foul Ball, location: 2F
1-2: Ground out 6-3 (Groundball, 6, EV 85.6 MPH)
Batting: RHB Yuichi Takata 0-0: Fly out, F8 (Flyball, 78D, EV 101.9 MPH)
Batting: RHB Nick Ogle 0-0: Called Strike
0-1: Ball
1-1: Hit by Pitch
Batting: LHB Roman Downey 0-0: Foul Ball, location: 2F
0-1: Ball
1-1: Fly out, F8 (Flyball, 8LM, EV 90.0 MPH)
Top of the 8th over - 0 runs, 0 hits, 0 errors, 1 left on base; Omaha 6 - Toledo 2
BOTTOM OF THE 8TH
Toledo Mud Hens batting - Pitching for Omaha Storm Chasers : RHP Chris Geraci
Batting: LHB Frank McConnell 0-0: Foul Ball, location: 2F
0-1: Ball
1-1: Foul Ball, location: 2F
1-2: DOUBLE (Flyball, 89XD, EV 110.6 MPH)
Pinch Hitting: RHB Chris Wheatley 0-0: Ball
1-0: Swinging Strike
1-1: Ball
2-1: Ball
3-1: Foul Ball, location: 2F
3-2: Base on Balls
Batting: LHB Conrad Taylor 0-0: Called Strike
0-1: Ball
1-1: Swinging Strike
1-2: Foul Ball, location: 2F
1-2: Ball
2-2: Strikes out swinging
Batting: LHB Andy Schumacher 0-0: Called Strike
0-1: Ball
1-1: Ball
2-1: SINGLE (Groundball, 4MD, EV 103.1 MPH)
Frank McConnell to third
Chris Wheatley to second
Runner from 3rd tries for Home, throw by CF and OUT! 8-2
Batting: RHB Tim Borden 0-0: Swinging Strike
0-1: Ball
1-1: Swinging Strike
1-2: Strikes out swinging
Bottom of the 8th over - 0 runs, 2 hits, 0 errors, 2 left on base; Omaha 6 - Toledo 2
TOP OF THE 9TH
Omaha Storm Chasers batting - Pitching for Toledo Mud Hens : RHP Mike Kirk
Pitching: RHP Isma'il bin Burhan
Now in LF: Raul Morales
Batting: LHB Justin Rupert 0-0: Called Strike
0-1: Called Strike
0-2: Strikes out swinging
Batting: RHB Bob Najar 0-0: Called Strike
0-1: Ball
1-1: Ball
2-1: Foul Ball, location: 2F
2-2: Strikes out swinging
Batting: RHB Walt Cogswell 0-0: DOUBLE (Flyball, 8LXD, EV 113.1 MPH)
Batting: RHB Mikolas Markus 0-0: SINGLE (Groundball, 56D, EV 95.6 MPH)
Walt Cogswell to third
Runner from 3rd tries for Home, throw by LF and OUT! 7-2
Top of the 9th over - 0 runs, 2 hits, 0 errors, 1 left on base; Omaha 6 - Toledo 2
BOTTOM OF THE 9TH
Toledo Mud Hens batting - Pitching for Omaha Storm Chasers : RHP Chris Geraci
Pitching: RHP Joe Noonan
Batting: RHB Steve Clark 0-0: Foul Ball, location: 2F
0-1: Ball
1-1: Ball
2-1: Ground out U3 (Groundball, 34S, EV 88.1 MPH)
Batting: SHB Jamie Roberts 0-0: Called Strike
0-1: Called Strike
0-2: Ball
1-2: Ground out 1-3 (Groundball, 15S, EV 66.9 MPH)
Batting: RHB Zach Koblinski 0-0: Ball
1-0: Called Strike
1-1: Swinging Strike
1-2: Strikes out swinging
Bottom of the 9th over - 0 runs, 0 hits, 0 errors, 0 left on base; Omaha 6 - Toledo 2
Wednesday, June 22nd , 2022 - OOTP Baseball 23.4 Build 64